 Dungeon Crawl Stone Soup version 0.18.1-6-gd335043 (webtiles) character file.

18767 Moloch the Severer (level 12, -3/89 HPs)
             Began as a Demonspawn Berserker on May 17, 2016.
             Was a High Priest of Trog.
             Slain by a freezing wraith (10 damage)
             ... on level 11 of the Dungeon.
             The game lasted 00:27:35 (11218 turns).

Moloch the Severer (Demonspawn Berserker)          Turns: 11218, Time: 00:27:36

Health: -3/89      AC: 21    Str: 21    XL:     12   Next: 30%
Magic:  21/21      EV: 15    Int:  3    God:    Trog [*****.]
Gold:   1972       SH:  0    Dex: 16    Spells: 0 memorised, 11 levels left

rFire  . . .     SeeInvis .     t - +3 battleaxe (vamp)
rCold  . . .     Gourm    +     D - +0 ring mail of Distant Shores {rPois Str+5 Dex+2}
rNeg   . . .     Faith    .     (shield currently unavailable)
rPois  +         Spirit   .     Q - +0 helmet "Paxut" {Regen+ MP+9 Int-4}
rElec  .         Dismiss  .     h - +1 cloak {rPois}
rCorr  +         Reflect  .     y - +2 pair of gloves
SustAt .         Harm     .     (boots unavailable)
MR     .....                    M - amulet of the gourmand
Stlth  +.........               I - ring of resist corrosion
                                T - +4 ring of evasion

@: slowed, very slow, not resistant to hostile enchantments, very unstealthy
A: talons 3, rough black scales 3, agile 1, dopey 1, robust 1, screaming 1,
spiny 1, weak 2, wild magic 1
a: Berserk, Trog's Hand, Brothers in Arms, Burn Spellbooks, Renounce Religion


You were on level 11 of the Dungeon.
You worshipped Trog.
Trog was extremely pleased with you.
You were completely stuffed.

You visited 1 branch of the dungeon, and saw 11 of its levels.
You also visited: Labyrinth and Bailey.

You collected 2161 gold pieces.
You spent 189 gold pieces at shops.

Inventory:

Hand Weapons
 t - a +3 vampiric battleaxe (weapon)
 B - a +1 whip of electrocution
Missiles
 E - 2 throwing nets (quivered)
Armour
 b - the +1 helmet of Charity {+Inv rPois rF+++ rC-}
   (You found it in a labyrinth)

   It renders you almost immune to fire.
   It makes you vulnerable to cold.
   It protects you from poison.
   It lets you turn invisible.
 h - a +1 cloak of poison resistance (worn)
 y - a +2 pair of gloves (worn)
 D - the +0 ring mail of Distant Shores (worn) {rPois Str+5 Dex+2}
   (You found it on level 5 of the Dungeon)

   It affects your strength (+5).
   It affects your dexterity (+2).
   It protects you from poison.
 Q - the +0 helmet "Paxut" (worn) {Regen+ MP+9 Int-4}
   (You found it in a labyrinth)

   It affects your intelligence (-4).
   It affects your magic capacity (+9).
   It increases your rate of regeneration.
Jewellery
 F - an uncursed ring of stealth
 I - a ring of resist corrosion (right hand)
 M - an amulet of the gourmand (around neck)
 P - an uncursed ring of sustain attributes
 S - an uncursed amulet of harm
 T - a +4 ring of evasion (left hand)
Wands
 i - a wand of polymorph (14/24)
 w - a wand of digging (21/24)
 x - a wand of disintegration (10/24)
Scrolls
 k - 3 scrolls of recharging
 l - 3 scrolls of enchant armour
 n - a scroll of magic mapping
 r - a scroll of enchant weapon
 C - 4 scrolls of remove curse
 W - 2 scrolls of fog
Potions
 d - 2 potions of brilliance
 e - 8 potions of curing
 m - a potion of invisibility
 o - 2 potions of agility
 p - 2 potions of might
 q - 2 potions of flight
 v - 3 potions of magic
 z - 2 potions of haste
 G - 2 potions of lignification
 H - a potion of beneficial mutation
 J - a potion of ambrosia
 L - a potion of heal wounds
 N - a potion of cure mutation
Miscellaneous
 g - a legendary deck of wonders
Comestibles
 a - a slice of pizza
 c - 16 bread rations
 f - 2 chunks of flesh
 j - 4 beef jerkies
 u - 2 meat rations
 A - 4 royal jellies
 K - 16 fruits


   Skills:
 - Level 3.0 Fighting
 + Level 17.6 Axes
 - Level 1.7 Armour
 - Level 1.7 Dodging


You had 11 spell levels left.
You didn't know any spells.

Dungeon Overview and Level Annotations

Branches:
Dungeon (11/15)              Lair (0/8) D:10
 Temple: D:4-7          Orc: D:9-12

Altars:
Dithmenos
Gozag
Makhleb
Nemelex Xobeh
Qazlal
Trog
Vehumet
Xom
The Shining One

Shops:
D:5 %   D:8 ([   D:10 (


Innate Abilities, Weirdness & Mutations

You have claws for feet.
You are completely covered in rough black scales (AC +10, Dex -3).
You are partially covered in sharp spines.
You are agile. (Dex +2)
You are dopey. (Int -2)
You are robust (+10% HP).
You occasionally shout uncontrollably at your foes.
You are very weak. (Str -4)
Your spells are a little harder to cast, but a little more powerful.


Message History

You hit the freezing wraith.
You claw the freezing wraith, but do no damage.
The freezing wraith is heavily damaged.
The freezing wraith hits you but does no damage.
The freezing wraith misses you. The freezing wraith hits you!
* * * LOW HITPOINT WARNING * * *
The freezing wraith freezes you!!
* * * LOW HITPOINT WARNING * * *
The freezing wraith hits you but does no damage.
Read which item? (? for menu, Esc to quit)
Okay, then.
Drink which item? (? for menu, Esc to quit)
You feel much better. The freezing wraith hits you!
* * * LOW HITPOINT WARNING * * *
The freezing wraith freezes you!
* * * LOW HITPOINT WARNING * * *
The freezing wraith barely misses you.
Your stone giant goes berserk!
You feel somewhat less full. The freezing wraith hits you!
You die...

(((()......##.........#
####)......##.......[.#
#.......##.........#
#####..###.........#
##'############## #...#...#...#.#
#...'...'...#'#####
###...#...#...#.....#########
#.##'#######@##.....##.......
#.#...*,,,#W..#.....##.......
##.#...',,,#.C.#....<.........
####..#...#,,,#...#......#.....).
.....###+##***##+##.....##.......
##.###*,,,*,,,*,,,#.....##.......
#.# *,,,+,,,*,,,#.....##.......
#.# *,,,*,,,*,,,#.....#########
#.# ************####'##


You could see a freezing wraith and a friendly stone giant (berserk).

Vanquished Creatures
  A minotaur (Lab)
  A hydra (D:11)
  A centaur warrior (D:11)
  The ghost of CrazyArbalest the Quickloader, a novice MiHu of Okawaru (D:10)
  A tengu warrior (D:11)
  Urug (D:11)
  An unseen horror (D:11)
  Pikel (D:5)
  5 hill giants
  An ugly thing (D:11)
  Psyche (D:11)
  A troll (shapeshifter) (D:11)
  4 trolls
  A two-headed ogre (D:11)
  Sigmund (D:5)
  5 yaks (D:11)
  The ghost of CrazyArbalest the Bolt Thrower, an amateur MiHu of Okawaru (D:3)
  4 hungry ghosts
  2 hippogriffs
  Edmund (D:6)
  A water moccasin (D:9)
  8 orc warriors
  7 ice beasts
  3 sky beasts
  4 black bears
  2 phantoms (D:6)
  An eye of draining (D:10)
  6 ogres
  8 centaurs
  4 crocodiles
  A big kobold (D:8)
  9 giant frogs
  2 scorpions
  2 wyvern skeletons
  7 killer bees
  A spriggan skeleton (D:9)
  3 wights (D:11)
  5 crimson imps
  A giant frog zombie (D:9)
  6 orc priests
  Crazy Yiuf (D:2)
  9 centaur skeletons
  5 hounds
  4 jellies
  4 orc wizards
  Jessica (D:2)
  Natasha (thrice) (D:2)
  7 iguanas
  Ijyb (D:4)
  11 worker ants
  2 hound zombies
  2 hound skeletons
  3 worker ant zombies
  Robin (D:2)
  7 gnolls
  A howler monkey skeleton (D:11)
  6 river rats (D:10)
  7 adders
  4 shadow imps
  2 oozes
  2 adder zombies
  An adder skeleton (D:7)
  2 worms
  2 dart slugs (D:2)
  8 giant geckos
  51 orcs
  6 giant cockroaches
  27 goblins
  18 hobgoblins
  12 jackals
  9 quokkas
  18 bats
  A giant cockroach zombie (D:5)
  2 giant gecko zombies
  4 giant newts
  26 kobolds
  A quokka skeleton (D:7)
  12 rats
  3 fungi
  A plant (D:10)
403 creatures vanquished.

Vanquished Creatures (collateral kills)
  A troll (D:11)
  A worker ant (D:11)
2 creatures vanquished.

Vanquished Creatures (others)
  A worker ant (D:5)
  An adder (D:5)
  3 giant geckos (D:5)
  2 orcs (D:5)
  A giant cockroach (D:5)
  2 fungi (D:10)
  A plant (D:10)
  4 toadstools (D:1)
15 creatures vanquished.

Grand Total: 420 creatures vanquished

Notes
Turn   | Place    | Note
--------------------------------------------------------------
     0 | D:1      | Moloch the Demonspawn Berserker began the quest for the Orb.
     0 | D:1      | Reached XP level 1. HP: 18/18 MP: 1/1
    70 | D:1      | Reached skill level 3 in Axes
   141 | D:1      | Gained mutation: You are partially covered in rough black scales (AC +4, Dex -1). [demonic ancestry]
   141 | D:1      | Reached XP level 2. HP: 8/24 MP: 2/2
   676 | D:2      | You fall through a shaft for 2 floors!
   739 | D:3      | Reached ** piety under Trog
   741 | D:3      | Reached skill level 4 in Axes
   741 | D:3      | Reached XP level 3. HP: 20/29 MP: 3/3
   823 | D:2      | Noticed Natasha
   827 | D:2      | Killed Natasha
   827 | D:2      | Reached XP level 4. HP: 19/35 MP: 4/4
  1022 | D:2      | Noticed Robin
  1032 | D:2      | Killed Robin
  1035 | D:2      | Reached skill level 5 in Axes
  1094 | D:2      | Noticed Natasha
  1106 | D:2      | Killed Natasha
  1106 | D:2      | Reached XP level 5. HP: 14/41 MP: 5/5
  1251 | D:2      | Found a faded altar to an unknown god.
  1287 | D:2      | Noticed Jessica
  1311 | D:2      | Killed Jessica
  1392 | D:2      | Reached *** piety under Trog
  1637 | D:2      | Noticed Natasha
  1643 | D:2      | Killed Natasha
  1784 | D:2      | Noticed Crazy Yiuf
  1792 | D:2      | Killed Crazy Yiuf
  1792 | D:2      | Reached skill level 6 in Axes
  1885 | D:3      | Noticed CrazyArbalest's ghost (amateur MiHu)
  1900 | D:3      | Killed CrazyArbalest's ghost
  1900 | D:3      | Gained mutation: You are mostly covered in rough black scales (AC +7, Dex -2). [demonic ancestry]
  1900 | D:3      | Reached XP level 6. HP: 47/47 MP: 6/6
  2010 | D:3      | Reached skill level 7 in Axes
  2473 | D:3      | Found a bloodstained altar of Trog.
  2492 | D:3      | Received a gift from Trog
  2878 | D:4      | Noticed Ijyb
  2894 | D:4      | Killed Ijyb
  2894 | D:4      | Gained mutation: You have sharp toenails. [demonic ancestry]
  2894 | D:4      | Reached XP level 7. HP: 51/52 MP: 7/7
  3246 | D:4      | Reached **** piety under Trog
  3468 | D:5      | Entered Level 5 of the Dungeon
  3472 | D:5      | Found Zaotuirph's Food Boutique.
  3504 | D:5      | Reached skill level 8 in Axes
  3544 | D:5      | Noticed Sigmund
  3556 | D:5      | Killed Sigmund
  3592 | D:5      | Noticed Pikel
  3636 | D:5      | Killed Pikel
  3636 | D:5      | Reached skill level 9 in Axes
  3636 | D:5      | Reached XP level 8. HP: 58/58 MP: 8/8
  3655 | D:5      | Found a sparkling altar of Nemelex Xobeh.
  3764 | D:5      | Reached skill level 10 in Axes
  3891 | D:5      | Found a burning altar of Makhleb.
  4120 | D:5      | Got a distressingly furry ring mail
  4131 | D:5      | Identified the cursed +0 ring mail of Distant Shores {rPois Str+5 Dex+2} (You found it on level 5 of the Dungeon)
  4591 | D:6      | Reached skill level 11 in Axes
  4591 | D:6      | Gained mutation: You are completely covered in rough black scales (AC +10, Dex -3). [demonic ancestry]
  4591 | D:6      | Reached XP level 9. HP: 63/63 MP: 9/9
  4659 | D:6      | Found an opulent altar of Gozag.
  5376 | D:6      | Noticed Edmund
  5402 | D:6      | Killed Edmund
  5567 | D:6      | Reached skill level 12 in Axes
  5841 | D:7      | Reached ***** piety under Trog
  6018 | D:7      | Noticed a troll
  6027 | D:7      | Killed a troll
  6253 | D:7      | You fall through a shaft for 2 floors!
  6652 | D:8      | Found Feamp's Armour Boutique.
  6659 | D:8      | Found a flagged portal.
  6687 | Bailey   | Entered a bailey
  6915 | Bailey   | Reached skill level 13 in Axes
  6919 | Bailey   | Gained mutation: You have razor-sharp toenails. [demonic ancestry]
  6919 | Bailey   | Reached XP level 10. HP: 70/70 MP: 10/10
  7241 | D:8      | Bought a +1 cloak of poison resistance for 189 gold pieces
  7268 | D:8      | Found Natsutiw's Antique Weapon Shoppe.
  7388 | D:8      | Received a gift from Trog
  7753 | D:8      | Found a glowing golden altar of the Shining One.
  8267 | D:9      | Reached skill level 14 in Axes
  8289 | D:9      | Found a stormy altar of Qazlal.
  8292 | D:9      | Found a shadowy altar of Dithmenos.
  8295 | D:9      | Found a shimmering altar of Xom.
  8302 | D:9      | Found a radiant altar of Vehumet.
  8875 | D:10     | Entered Level 10 of the Dungeon
  8916 | D:10     | Noticed CrazyArbalest's ghost (novice MiHu)
  8934 | D:10     | Received a gift from Trog
  8946 | D:10     | Killed CrazyArbalest's ghost
  9028 | D:10     | Reached skill level 15 in Axes
  9079 | D:10     | Reached XP level 11. HP: 72/75 MP: 11/11
  9192 | D:10     | Found Baymeoc's Antique Weapon Emporium.
  9267 | D:10     | Noticed a hill giant
  9274 | D:10     | Killed a hill giant
  9357 | D:10     | Noticed a hill giant
  9367 | D:10     | Killed a hill giant
  9530 | D:10     | Found a staircase to the Lair.
  9804 | D:11     | Found a labyrinth entrance.
  9810 | Lab      | Entered a labyrinth
 10052 | Lab      | Noticed a minotaur
 10059 | Lab      | Killed a minotaur
 10088 | Lab      | Got a fine helmet
 10088 | Lab      | Got a twisted helmet
 10100 | Lab      | Identified the +1 helmet of Charity {+Inv rPois rF+++ rC-} (You found it in a labyrinth)
 10110 | Lab      | Identified the +0 helmet "Paxut" {Regen+ MP+9 Int-4} (You found it in a labyrinth)
 10113 | Lab      | Got a smoking ring mail
 10125 | Lab      | Identified the cursed +1 ring mail of Vehumet's Outrage {rC- Str+6} (You found it in a labyrinth)
 10336 | D:11     | Noticed a hill giant
 10345 | D:11     | Killed a hill giant
 10345 | D:11     | Reached skill level 16 in Axes
 10499 | D:11     | Noticed a five-headed hydra
 10505 | D:11     | Killed an eight-headed hydra
 10586 | D:11     | Noticed a hill giant
 10592 | D:11     | Noticed Urug
 10593 | D:11     | Killed a hill giant
 10606 | D:11     | Noticed a hill giant
 10607 | D:11     | Killed Urug
 10607 | D:11     | Received a gift from Trog
 10618 | D:11     | Killed a hill giant
 10744 | D:11     | Gained mutation: You are partially covered in sharp spines. [demonic ancestry]
 10744 | D:11     | Reached XP level 12. HP: 81/81 MP: 12/12
 10834 | D:11     | Reached skill level 17 in Axes
 10839 | D:11     | Noticed Psyche
 10849 | D:11     | Killed Psyche
 10890 | D:11     | Gained mutation: You are agile. (Dex +2) [mutagenic meat]
 10891 | D:11     | Gained mutation: You are dopey. (Int -2) [mutagenic meat]
 10892 | D:11     | Gained mutation: You are weak. (Str -2) [mutagenic meat]
 10893 | D:11     | Gained mutation: You are very weak. (Str -4) [mutagenic meat]
 10896 | D:11     | Gained mutation: You are robust (+10% HP). [potion of mutation]
 10896 | D:11     | Gained mutation: Your spells are a little harder to cast, but a little more powerful. [potion of mutation]
 10897 | D:11     | Gained mutation: You occasionally shout uncontrollably at your foes. [potion of mutation]
 10897 | D:11     | Gained mutation: You have claws for feet. [potion of mutation]
 11096 | D:11     | Noticed a centaur warrior
 11098 | D:11     | Noticed a tengu warrior
 11104 | D:11     | Killed a centaur warrior
 11112 | D:11     | Killed a tengu warrior
 11216 | D:11     | HP: 1/89 [freezing wraith (20)]
 11218 | D:11     | Slain by a freezing wraith

Skill      XL: |  1  2  3  4  5  6  7  8  9 10 11 12 |
---------------+-------------------------------------+-----
Axes           | 3 4 5 6 7 9 11 13 15 16 17 | 17.6
Fighting       | |  3.0
Armour         | |  1.7
Dodging        | |  1.7

Action                   |  1- 3 |  4- 6 |  7- 9 | 10-12 || total
-------------------------+-------+-------+-------+-------++-------
Melee: Hand axe          |    83 |   295 |   511 |       ||   889
       Kick              |       |       |   213 |   144 ||   357
       Whip              |       |       |    28 |       ||    28
       Broad axe         |       |       |    15 |    76 ||    91
       Battleaxe         |       |       |       |   401 ||   401
Invok: Berserk           |     3 |     6 |     8 |    14 ||    31
       Burn Spellbooks   |       |       |       |     2 ||     2
       Brothers in Arms  |       |       |       |     2 ||     2
  Use: Scroll            |       |       |    13 |    17 ||    30
       Potion            |       |       |     1 |     5 ||     6
 Stab: Sleeping          |       |       |       |     1 ||     1
  Eat: Chunk             |     2 |    14 |    33 |    68 ||   117
       Beef jerky        |       |       |     1 |       ||     1
Armor: Animal skin       |    17 |       |       |       ||    17
       Ring mail         |     4 |   147 |   267 |   281 ||   699
Dodge: Dodged            |    63 |   152 |   253 |   315 ||   783
